 Dungeon Crawl Stone Soup version 0.19-a0-1587-gaef70b6 (webtiles) character file.

589 Amnesiac the Charlatan (level 7, -1/48 HPs)
             Began as a Mummy Artificer on Sept 16, 2016.
             Slain by an ogre
             ... wielding a cursed -2 giant club
              (21 damage)
             ... on level 4 of the Dungeon.
             The game lasted 00:06:05 (1767 turns).

Amnesiac the Charlatan (Mummy Artificer)            Turns: 1767, Time: 00:06:06

Health: -1/48      AC: 10    Str: 15    XL:     7   Next: 15%
Magic:  12/12      EV:  4    Int: 11    God:
Gold:   47         SH:  0    Dex: 14    Spells: 0 memorised, 6 levels left

rFire  x . .     SeeInvis .     i - +1 flail (crush)
rCold  + . .     Gourm    .     g - +0 plate armour
rNeg   + + +     Faith    .     (no shield)
rPois  ∞         Spirit   .     (no helmet)
rElec  .         Dismiss  .     (no cloak)
rCorr  .         Reflect  .     (no gloves)
MR     .....     Harm     .     (no boots)
Stlth  ..........               f - amulet of regeneration
                                (no ring)
                                (no ring)

@: no status effects
A: no food or potions, fire vulnerability, cold resistance 1, negative energy
resistance 3, torment resistance, unbreathing
a: no special abilities


You were on level 4 of the Dungeon.
You were not hungry.

You visited 1 branch of the dungeon, and saw 7 of its levels.

You collected 47 gold pieces.

Inventory:

Hand Weapons
 a - a +0 short sword
 i - a +1 flail of crushing (weapon)
Armour
 b - a +0 leather armour
 g - a +0 plate armour (worn)
Jewellery
 f - an amulet of regeneration (around neck)
Wands
 c - a wand of flame (0/48)
 d - a wand of enslavement (9/24)
 e - a wand of random effects (0/48)
Scrolls
 h - a scroll of identify {unknown}
 j - a scroll of blinking {unknown}


   Skills:
 - Level 1.0 Fighting
 - Level 0.7 Short Blades
 - Level 1.5 Dodging
 - Level 0.7 Stealth
 + Level 6.9 Evocations


You had 6 spell levels left.
You didn't know any spells.

Dungeon Overview and Level Annotations

Branches:
Dungeon (7/15)
 Temple: D:4-7

Altars:
Qazlal

Annotations:
D:5 Soeti's ghost, amateur DDFi


Innate Abilities, Weirdness & Mutations

You do not eat or drink.
Your flesh is vulnerable to fire.
You are immune to poison.
Your flesh is cold resistant. (rC+)
You are immune to negative energy. (rN+++)
You are immune to unholy pain and torment.
You can survive without breathing.


Message History

Found 15 bolts.
An ogre comes into view. It is wielding a giant club.
The ogre shouts!
A hound comes into view.
There is an open door here.
There are monsters nearby!
Put on which piece of jewellery? (? for menu, Esc to quit)
Okay, then.
Unknown command.
You hit the ogre.
The ogre is lightly wounded.
The ogre hits you with a giant club!
Your plate armour prevents you from hitting the ogre.
The ogre is lightly wounded.
The ogre hits you with a giant club.
The hound barks!
You hit the ogre.
The ogre is moderately wounded.
The ogre hits you with a giant club! The ogre hits you with a giant club!!
You die...

#†#......#
#.#......#
#.#......########
#%##...>....>...#
#.#####......##.##
#.#..........##..#
#.#..........##...
#.#..........##...
#@#..........##..)
#O#..........####'
#.#..........# #.
#.#.....##########
#h#####...........
#......#
############
#......# #......#
## #......# +.


You could see an ogre and a hound.

Vanquished Creatures
  A hippogriff (D:7)
  The ghost of Amnesiac the Charlatan, a weakling OgAr (D:3)
  A howler monkey (D:7)
  2 orc priests
  3 hounds
  An orc wizard (D:6)
  A worker ant (D:5)
  An iguana (D:4)
  A killer bee zombie (D:6)
  4 adders
  An adder skeleton (D:4)
  A worm (D:4)
  15 orcs
  A giant cockroach (D:3)
  A hobgoblin (D:3)
  A kobold (D:2)
  A bat (D:3)
  A quokka skeleton (D:7)
38 creatures vanquished.

Vanquished Creatures (collateral kills)
  An orc wizard (D:5)
1 creature vanquished.

Grand Total: 39 creatures vanquished

Notes
Turn   | Place    | Note
-------+----------+-------------------------------------------
     0 | D:1      | Amnesiac the Mummy Artificer began the quest for the Orb.
     0 | D:1      | Reached XP level 1. HP: 15/15 MP: 2/2
    52 | D:3      | Noticed Amnesiac's ghost (weakling OgAr)
   178 | D:3      | Killed Amnesiac's ghost
   178 | D:3      | Reached skill level 3 in Evocations
   178 | D:3      | Reached XP level 2. HP: 4/21 MP: 2/4
   178 | D:3      | Reached XP level 3. HP: 5/26 MP: 2/5
   835 | D:4      | You fall through a shaft for 3 floors!
   875 | D:7      | Reached skill level 4 in Evocations
   907 | D:7      | Reached XP level 4. HP: 28/32 MP: 7/7
   936 | D:7      | Noticed a hippogriff
   956 | D:7      | Killed a hippogriff
   956 | D:7      | Reached skill level 5 in Evocations
   956 | D:7      | Reached XP level 5. HP: 33/37 MP: 7/9
   956 | D:7      | Reached XP level 6. HP: 38/43 MP: 7/10
  1178 | D:6      | Noticed an orc warrior
  1329 | D:6      | Reached skill level 6 in Evocations
  1400 | D:6      | Noticed an orc warrior
  1403 | D:5      | Entered Level 5 of the Dungeon
  1403 | D:5      | Noticed Soeti's ghost (amateur DDFi)
  1572 | D:4      | Reached XP level 7. HP: 27/48 MP: 10/12
  1579 | D:4      | Found a stormy altar of Qazlal.
  1767 | D:4      | Slain by an ogre

Vault maps used:
D:1:      saegor_arrival_under_anarchy
D:3:      overflow_temple_1_default, cheibriados_altar_wand_db, bloody_trog
D:4:      kennysheep_mini, first_bread, lemuel_tele_altar
D:5:      basic_altar, gup_ossuary_entry_pyramid
D:6:      nicolae_whirlpool, lemuel_coloured_pillars_altar,
          serial_co_window_serial, co_window_corner_a, co_window_paths_b,
          co_window_of_opportunity_a, co_window_paths_a, co_window_corner_a,
          co_window_unsneaky_path_d, co_window_corner_cb,
          co_window_of_opportunity_b, co_window_broadway_c, co_window_cross_2,
          co_window_of_opportunity_c, co_window_4corner_b, glass_columns_b,
          glass_columns_a, glass_columns_c, glass_columns_c, glass_columns_a
D:7:      nicolae_overflow_crystal_walls, kennysheep_cross_bottleneck

Skill      XL: |  1  2  3  4  5  6 |
---------------+-------------------+-----
Evocations     | 3 4 5 6 |  6.9
Fighting       | |  1.0
Short Blades   | |  0.7
Dodging        | |  1.5
Stealth        | |  0.7

Action                   |  1- 3 |  4- 6 |  7- 9 || total
-------------------------+-------+-------+-------++-------
Melee: Short sword       |    70 |    92 |       ||   162
       Flail             |       |    36 |    52 ||    88
Evoke: Wand              |     9 |    27 |       ||    36
 Stab: Confused          |     1 |       |       ||     1
       Sleeping          |     1 |       |       ||     1
Armor: Leather armour    |    14 |       |       ||    14
       Plate armour      |    15 |   117 |    42 ||   174
Dodge: Dodged            |    32 |    41 |    12 ||    85
